 Dungeon Crawl Stone Soup version 0.22-a0-322-g60b3cfd (webtiles) character file.

10879 sankara the Arsonist (level 11, -1/74 HPs)
             Began as a Yellow Draconian Fire Elementalist on Apr 1, 2018.
             Was an Elder of Sif Muna.
             Slain by Snorg (16 damage)
             ... on level 11 of the Dungeon on Apr 2, 2018.
             The game lasted 01:08:56 (15946 turns).

sankara the Arsonist (DrFE)                        Turns: 15946, Time: 01:08:57

Health: -1/74      AC:  9    Str: 10    XL:     11   Next: 42%
Magic:  1/23       EV: 12    Int: 24    God:    Sif Muna [****..]
Gold:   709        SH:  5    Dex: 13    Spells: 11/27 levels left

rFire    + . .     SeeInvis .   a - +2 demon trident (elec)
rCold    + . .     Gourm    .   B - +0 buckler
rNeg     . . .     Faith    .   (armour unavailable)
rPois    .         Spirit   .   (helmet restricted)
rElec    .         Reflect  .   (no cloak)
rCorr    +         Harm     .   o - +1 pair of gloves
MR       .....                  (no boots)
Stlth    ++........             x - amulet of the acrobat
HPRegen  0.22/turn              n - +6 ring of intelligence
MPRegen  0.18/turn              C - ring "Tunk" {rF+ rC+}

@: no casting
A: spit acid, acid resistance, unfitting armour, cold-blooded, AC +7
a: Breathe Acid, Stop Divine Energy, Channel Magic, Forget Spell, Renounce
Religion


You were on level 11 of the Dungeon.
You worshipped Sif Muna.
Sif Muna was greatly pleased with you.
You were very hungry.

You visited 2 branches of the dungeon, and saw 12 of its levels.

You collected 709 gold pieces.

Inventory:

Hand Weapons
 a - a +2 demon trident of electrocution (weapon)
   (You took it off Urug on level 10 of the Dungeon)
 b - the +4 mace "Impbane" {crush, +Inv rF- Dex+4 Stlth+}
   (You found it on level 7 of the Dungeon)

   It inflicts extra damage upon your enemies.
   It affects your dexterity (+4).
   It makes you vulnerable to fire.
   It lets you turn invisible.
   It makes you more stealthy.
 c - a +1 spear of venom
   (You took it off a gnoll on level 2 of the Dungeon)
 Q - a +4 dagger
   (You took it off an orc on level 4 of the Dungeon)
Missiles
 f - 357 stones
 m - 2 throwing nets {=f, !d}
 p - 3 tomahawks of returning
 D - 43 sling bullets
 M - 13 tomahawks
 O - 7 javelins (quivered)
Armour
 o - a +1 pair of gloves (worn)
   (You found it on level 4 of the Dungeon)
 B - a +0 buckler (worn)
   (You found it on level 6 of the Dungeon)
Jewellery
 e - an uncursed ring of magical power {MP+9}
   (You found it on level 8 of the Dungeon)
 n - a +6 ring of intelligence (left hand)
   (You found it on level 3 of the Dungeon)
 x - an amulet of the acrobat (around neck)
   (You found it on level 5 of the Dungeon)
 C - the ring "Tunk" (right hand) {rF+ rC+}
   (You found it on level 7 of the Dungeon)

   [ring of protection from cold]

   It protects you from fire.
   It protects you from cold.
 E - a +2 ring of evasion
   (You found it on level 7 of the Dungeon)
 I - an uncursed ring of stealth {Stlth+}
   (You found it on level 7 of the Dungeon)
Wands
 y - a wand of acid (4)
   (You found it on level 6 of the Dungeon)
 z - a wand of disintegration (17)
   (You took it off a wight on level 6 of the Dungeon)
 H - a wand of flame (36)
   (You found it on level 7 of the Dungeon)
 K - a wand of polymorph (22)
   (You found it on level 8 of the Dungeon)
 N - a wand of paralysis (12)
   (You found it on level 10 of the Dungeon)
 P - a wand of digging (21)
   (You found it on level 10 of the Dungeon)
 S - a wand of iceblast (7)
   (You found it on level 11 of the Dungeon)
Scrolls
 d - a scroll of noise {unknown}
 g - 11 scrolls of identify {unknown}
 h - 3 scrolls of fog {unknown}
 i - 2 scrolls of remove curse
 j - 6 scrolls of teleportation {unknown}
 l - 4 scrolls of enchant weapon {unknown}
 r - 3 scrolls of blinking {unknown}
 t - a scroll of fear {unknown}
 v - 3 scrolls of immolation {unknown}
 R - a scroll of amnesia {unknown}
Potions
 k - 2 potions of might
 q - a potion of lignification {unknown}
 s - 2 potions of curing
 u - a potion of brilliance {unknown}
 w - a potion of flight
 A - a potion of degeneration {unknown}
 F - a potion of mutation {unknown}
 G - a potion of heal wounds {unknown}
 L - a potion of resistance {unknown}
Comestibles
 J - 15 rations
 T - 7 chunks of flesh {@w0}


   Skills:
 - Level 1.7 Dodging
 - Level 1.7 Stealth
 * Level 3.7 Shields
 + Level 8.8 Spellcasting
 + Level 9.3 Conjurations
 + Level 2.9 Summonings
 - Level 3.0 Necromancy
 + Level 9.8 Fire Magic
 + Level 5.5 Invocations
 - Level 3.0 Evocations


You had 11 spell levels left.
You knew the following spells:

 Your Spells              Type           Power        Failure   Level  Hunger
a - Flame Tongue          Conj/Fire      #####        1%          1    None
b - Conjure Flame         Conj/Fire      ######..     1%          3    None
c - Sticky Flame          Conj/Fire      ######..     1%          4    ##.....
d - Animate Skeleton      Necr           N/A          1%          1    None
e - Call Imp              Summ           ###.....     2%          2    None
f - Fireball              Conj/Fire      ######....   3%          5    ####...


Dungeon Overview and Level Annotations

Branches:
Dungeon (11/15)            Temple (1/1) D:5            Lair (0/6) D:8
    Orc (0/2) D:10

Altars:
Ashenzari
Cheibriados
Dithmenos
Elyvilon
Fedhas
Gozag
Hepliaklqana
Kikubaaqudgha
Makhleb
Nemelex Xobeh
Okawaru
Qazlal
Ru
Sif Muna
Trog
Uskayaw
Vehumet
Wu Jian
Xom
Yredelemnul
Zin
The Shining One

Shops:
D:4 }   D:10 (

Annotations:
D:6 Blork the orc
D:10 1 runed door
D:11 Snorg


Innate Abilities, Weirdness & Mutations

You can spit globs of acid.
You are resistant to acid.
Your golden yellow scales are hard. (AC +7)
You cannot fit into any form of body armour.
You are cold-blooded and may be slowed by cold attacks.


Message History

Really walk into a travel-excluded area?
Snorg shouts!
Casting: Call Imp (safe; 2% risk of failure)
Confirm with . or Enter, or press ? or * to list all spells.
Aiming: Fireball (safe; 3% risk of failure)
Press: ? - help, Shift-Dir - straight line The fireball explodes!
The fireball engulfs Snorg.
Snorg is moderately wounded.
Casting: Fireball (safe; 3% risk of failure)
Confirm with . or Enter, or press ? or * to list all spells.
You can't see any susceptible monsters within range! (Use Z to cast anyway.)
Casting: Fireball (safe; 3% risk of failure)
Confirm with . or Enter, or press ? or * to list all spells.
You can't see any susceptible monsters within range! (Use Z to cast anyway.)
A wraith comes into view.
Your crimson imp blinks!
Snorg goes berserk!
Your crimson imp closely misses Snorg.
Casting: Fireball (safe; 3% risk of failure)
Confirm with . or Enter, or press ? or * to list all spells.
Okay, then.
You swap places.
Snorg bites you! Snorg barely misses you. Snorg misses you.
Your crimson imp blinks!
Snorg bites you!! You block Snorg's attack. Snorg completely misses you.
Casting: Fireball (safe; 3% risk of failure)
Confirm with . or Enter, or press ? or * to list all spells.
Aiming: Sticky Flame (safe; 1% risk of failure)
Press: ? - help, Shift-Dir - straight line, f - Snorg
Aim: Snorg (lightly wounded, berserk, fast, unusually strong)
The sticky flame hits Snorg.
Snorg is moderately wounded.
Snorg is covered in liquid flames!
Snorg burns!
Your white imp gestures at Snorg.
The puff of frost hits Snorg.
Snorg closely misses your white imp. Snorg claws your white imp!
Your white imp dies!
Your crimson imp blinks!
Your crimson imp barely misses Snorg.
You swap places.
Snorg burns!
Snorg bites your orc priest skeleton! Snorg claws your orc priest skeleton.
Snorg claws your orc priest skeleton!
Your orc priest skeleton is destroyed!
Your orc skeleton hits Snorg.
Your crimson imp blinks!
Your orc wizard skeleton hits Snorg.
You swap places.
Snorg burns!
Snorg closely misses your orc wizard skeleton.
Snorg claws your orc wizard skeleton!!
Your orc wizard skeleton is destroyed!
Your crimson imp hits Snorg.
Your orc wizard skeleton hits Snorg but does no damage.
Your orc skeleton hits Snorg.
Casting: Sticky Flame (safe; 1% risk of failure)
Confirm with . or Enter, or press ? or * to list all spells.
Aiming: Fireball (safe; 3% risk of failure)
Press: ? - help, Shift-Dir - straight line, p - Snorg The fireball explodes!
The fireball engulfs the wraith.
The wraith is severely damaged.
The fireball engulfs Snorg.
Snorg is heavily wounded.
The fireball engulfs your crimson imp.
Your crimson imp completely resists.
Snorg burns!
Snorg bites you. Snorg claws you! x2
* * * LOW HITPOINT WARNING * * *
Your orc wizard skeleton hits Snorg but does no damage.
Snorg burns!
Your crimson imp closely misses Snorg.
Snorg burns!
Snorg rages.
Your orc skeleton hits the wraith but does no damage.
Snorg closely misses you. Snorg completely misses you. Snorg claws you.
* * * LOW HITPOINT WARNING * * *
Snorg burns!
Your crimson imp hits the wraith but does no damage.
Casting: Fireball (safe; 3% risk of failure)
Confirm with . or Enter, or press ? or * to list all spells.
Aiming: Sticky Flame (safe; 1% risk of failure)
Press: ? - help, Shift-Dir - straight line, f - Snorg
Aim: Snorg (severely wounded, berserk, fast, unusually strong, covered in liquid flames)
The sticky flame hits Snorg.
Snorg is severely wounded.
Snorg is covered in liquid flames!
Snorg burns!
Snorg completely misses you. x2
Snorg misses you.
The wraith hits your orc wizard skeleton.
The wraith drains your orc wizard skeleton's vigour!
Your orc wizard skeleton seems to slow down.
Your orc wizard skeleton hits Snorg with a dagger.
Snorg barely misses you. Snorg closely misses you. x2
Your crimson imp blinks!
Casting: Sticky Flame (safe; 1% risk of failure)
Confirm with . or Enter, or press ? or * to list all spells.
Aiming: Sticky Flame (safe; 1% risk of failure)
Press: ? - help, Shift-Dir - straight line, f/p - Snorg
Aim: Snorg (severely wounded, berserk, fast, unusually strong, covered in liquid flames)
The sticky flame hits Snorg.
Snorg is almost dead.
Sif Muna grants you divine energy.
You briefly lose access to your magic!
You are feeling very hungry.
Snorg burns!
The wraith hits your orc wizard skeleton!
You block Snorg's attack. Snorg claws you!
You die...

...ZZ####....#.......#
......Z......'.......# ..
.............#.....### ....
.................... ...#
.............#'...######...#
.............#.............#
##############.............#
..................5........#.
Z...............@TZZ...5.....
#+###.......######W§[).......
....#.......# #.......8...
....#.......# #..##.......
....#.......# #..+ .....8.
....#.......# #..+ .......
....#.......# #..# ...8...
............. .... .......
............. ..... .......


You could see Snorg (berserk), a wraith, 2 friendly crimson imps, a friendly orc
skeleton and a friendly orc wizard skeleton.

Vanquished Creatures
  A centaur warrior (D:10)
  Urug (D:10)
  A two-headed ogre (D:8)
  2 unseen horrors
  Pikel (D:7)
  2 centaur zombies (D:10)
  A centaur skeleton (D:11)
  A troll (D:11)
  Grinder (D:6)
  2 hippogriffs
  Eustachio (D:6)
  A spriggan (D:7)
  A hungry ghost (D:8)
  8 orc warriors
  A black bear (D:9)
  A sky beast (D:11)
  3 ice beasts
  A phantom (D:8)
  5 ogres
  7 centaurs
  A big kobold (D:9)
  The ghost of sankara the Chiller, an amateur OpIE (D:3)
  A crocodile (D:7)
  8 bullfrogs
  2 scorpions (D:10)
  3 killer bees (D:10)
  9 wights
  6 howler monkeys
  6 crimson imps
  3 bullfrog zombies
  9 hounds
  7 orc priests
  2 jellies
  9 orc wizards
  2 gnoll shamans (D:8)
  3 iguanas
  5 worker ants
  A hound zombie (D:9)
  3 hound skeletons
  A worker ant zombie (D:11)
  19 gnolls
  8 adders
  4 shadow imps
  4 oozes
  An adder zombie (D:6)
  2 adder skeletons
  2 worms
  5 leopard geckos
  54 orcs
  4 giant cockroaches
  3 goblins
  7 hobgoblins
  7 jackals
  2 quokkas
  2 ball pythons
  7 bats
  4 frilled lizards
  10 kobolds
  8 rats
277 creatures vanquished.

Vanquished Creatures (collateral kills)
  A centaur skeleton (D:9)
  5 orcs (D:9)
6 creatures vanquished.

Vanquished Creatures (others)
  2 slaves (D:8)
  An ogre (D:8)
  A centaur (D:8)
  A crimson imp (D:8)
  A howler monkey zombie (D:8)
  A gnoll (D:8)
  An orc (D:8)
8 creatures vanquished.

Grand Total: 291 creatures vanquished

Notes
Turn   | Place    | Note
-------+----------+-------------------------------------------
     0 | D:1      | sankara the Draconian Fire Elementalist began the quest for the Orb.
     0 | D:1      | Reached XP level 1. HP: 14/14 MP: 3/3
   243 | D:1      | Reached XP level 2. HP: 15/20 MP: 0/5
   859 | D:1      | Reached XP level 3. HP: 26/26 MP: 4/6
  1271 | D:2      | Reached skill level 2 in Conjurations
  1664 | D:2      | Learned a level 3 spell: Conjure Flame
  2110 | D:2      | HP: 6/26 [poisoned by a gnoll]
  2115 | D:2      | HP: 4/26 [poisoned by a gnoll]
  2120 | D:2      | HP: 3/26 [poisoned by a gnoll]
  2128 | D:2      | HP: 1/26 [poisoned by a gnoll]
  2445 | D:2      | Reached XP level 4. HP: 30/33 MP: 5/8
  2572 | D:2      | Learned a level 4 spell: Sticky Flame
  2591 | D:3      | Noticed sankara's ghost (amateur OpIE)
  2922 | D:3      | HP: 8/33 [sankara's ghost (3)]
  3347 | D:3      | Killed sankara's ghost
  3347 | D:3      | Reached skill level 3 in Spellcasting
  3347 | D:3      | Reached skill level 4 in Fire Magic
  3347 | D:3      | Reached XP level 5. HP: 32/38 MP: 4/9
  3777 | D:3      | Reached skill level 3 in Conjurations
  4195 | D:4      | Noticed an ogre
  4204 | D:4      | Killed an ogre
  4204 | D:4      | Reached XP level 6. HP: 19/45 MP: 4/11
  4456 | D:4      | Found a sacrificial altar of Ru.
  4563 | D:4      | Reached skill level 4 in Spellcasting
  4568 | D:4      | Learned a level 1 spell: Animate Skeleton
  4891 | D:4      | Reached skill level 4 in Conjurations
  4891 | D:4      | Reached skill level 5 in Fire Magic
  5134 | D:4      | Found Tasimeot's Gadget Emporium.
  5140 | D:4      | Your scales start taking on a golden yellow colour.
  5140 | D:4      | Reached XP level 7. HP: 50/50 MP: 8/13
  5543 | D:5      | Entered Level 5 of the Dungeon
  5565 | D:5      | Learned a level 5 spell: Fireball
  5689 | D:5      | Found a sparkling altar of Nemelex Xobeh.
  5877 | D:5      | Found a staircase to the Ecumenical Temple.
  5886 | Temple   | Entered the Ecumenical Temple
  6202 | Temple   | Became a worshipper of Sif Muna the Loreminder
  6434 | D:5      | Found a bloodstained altar of Trog.
  6457 | D:5      | Found a blossoming altar of Fedhas.
  6586 | D:6      | Noticed Blork the orc
  6592 | D:5      | Reached skill level 5 in Spellcasting
  6592 | D:5      | Reached skill level 5 in Conjurations
  6656 | D:6      | Reached skill level 6 in Fire Magic
  6815 | D:6      | Reached XP level 8. HP: 57/57 MP: 4/15
  7012 | D:6      | Reached * piety under Sif Muna
  7081 | D:6      | Noticed Eustachio
  7090 | D:6      | Killed Eustachio
  7101 | D:6      | Upgraded the game from 0.22-a0-307-g2b15929 to 0.22-a0-322-g60b3cfd
  7113 | D:5      | Reached skill level 6 in Conjurations
  7378 | D:6      | Reached skill level 6 in Spellcasting
  7500 | D:6      | Noticed Grinder
  7645 | D:6      | Paralysed by Grinder for 3 turns
  7653 | D:6      | Killed Grinder
  7653 | D:6      | Reached ** piety under Sif Muna
  7653 | D:6      | Reached skill level 7 in Fire Magic
  8177 | D:6      | Reached XP level 9. HP: 62/62 MP: 13/18
  8545 | D:7      | Got a faintly glowing pewter ring
  8547 | D:7      | Identified the ring "Tunk" {rF+ rC+} (You found it on level 7 of the Dungeon)
  8637 | D:7      | Reached skill level 7 in Conjurations
  8637 | D:7      | Reached skill level 1 in Necromancy
  8850 | D:7      | Got a dazzling mace
  8851 | D:7      | Identified the +4 mace "Impbane" {crush, +Inv rF- Dex+4 Stlth+} (You found it on level 7 of the Dungeon)
  9101 | D:7      | Found a snail-covered altar of Cheibriados.
  9104 | D:7      | Found a burning altar of Makhleb.
  9107 | D:7      | Found a radiant altar of Vehumet.
  9253 | D:8      | Noticed Pikel
  9260 | D:7      | Killed Pikel
  9260 | D:7      | Reached *** piety under Sif Muna
  9260 | D:7      | Reached skill level 7 in Spellcasting
  9260 | D:7      | Reached skill level 2 in Necromancy
  9260 | D:7      | Reached skill level 8 in Fire Magic
  9648 | D:7      | Reached skill level 1 in Invocations
  9770 | D:7      | HP: 9/62 [hippogriff (8)]
  9770 | D:7      | HP: 4/62 [hippogriff (5)]
 10077 | D:7      | Reached skill level 8 in Conjurations
 10323 | D:8      | Reached skill level 2 in Invocations
 10470 | D:8      | Found a staircase to the Lair.
 10486 | D:8      | Reached XP level 10. HP: 69/69 MP: 10/21
 10555 | D:8      | Found a shattered altar of Ashenzari.
 11338 | D:9      | Noticed a two-headed ogre
 11347 | D:8      | Killed a two-headed ogre
 11347 | D:8      | Reached skill level 8 in Spellcasting
 11347 | D:8      | Reached skill level 3 in Invocations
 11347 | D:8      | Reached skill level 1 in Evocations
 11406 | D:9      | Reached skill level 9 in Fire Magic
 11737 | D:9      | Reached **** piety under Sif Muna
 11737 | D:9      | Reached skill level 2 in Evocations
 12013 | D:9      | Reached skill level 4 in Invocations
 12345 | D:9      | Learned a level 2 spell: Call Imp
 12988 | D:10     | Entered Level 10 of the Dungeon
 12988 | D:10     | Found a staircase to the Orcish Mines.
 12989 | D:10     | Found Luko's Weapon Shoppe.
 13013 | D:10     | Reached skill level 3 in Evocations
 13054 | D:9      | Reached skill level 1 in Summonings
 13435 | D:10     | Reached skill level 3 in Necromancy
 13460 | D:10     | HP: 17/69 [poisoned by a killer bee]
 13465 | D:10     | HP: 14/69 [poisoned by a killer bee]
 13471 | D:10     | HP: 12/69 [poisoned by a killer bee]
 13477 | D:10     | HP: 11/69 [poisoned by a killer bee]
 13485 | D:10     | HP: 11/69 [poisoned by a killer bee]
 13768 | D:10     | Reached skill level 1 in Shields
 14092 | D:10     | Noticed Urug
 14117 | D:10     | Killed Urug
 14117 | D:10     | Reached skill level 9 in Conjurations
 14117 | D:10     | Reached XP level 11. HP: 61/74 MP: 0/23
 14275 | D:10     | HP: 16/74 [something (9)]
 14276 | D:10     | Killed an unseen horror
 14276 | D:10     | Reached skill level 2 in Shields
 14276 | D:10     | Reached skill level 2 in Summonings
 14276 | D:10     | Reached skill level 5 in Invocations
 14663 | D:10     | Noticed a centaur warrior
 14666 | D:10     | Killed a centaur warrior
 14683 | D:10     | Found a runed door.
 14800 | D:11     | Reached skill level 3 in Shields
 15188 | D:11     | HP: 16/74 [something (5)]
 15190 | D:11     | HP: 6/74 [something (3)]
 15697 | D:11     | Noticed an unseen horror
 15698 | D:11     | Killed an unseen horror
 15891 | D:11     | Noticed Snorg
 15943 | D:11     | HP: 14/74 [Snorg (6)]
 15946 | D:11     | Slain by Snorg

Vault maps used:
D:1:      elethiomel_arrival_infinity_welcomes_careful_drivers, minmay_cupped
D:4:      nicolae_ru_awakened_eye, serial_shops, shop_fountains,
          kennysheep_generic_room_6
D:5:      minitemple, lemuel_temple_firewalk_a, first_ration,
          nemelex_dance_club_becter
D:6:      uniq_grinder, uniq_eustachio, uniq_blork_the_orc
D:7:      grunt_temple_overflow_diamond, the_bakery
D:8:      cheibrodos_quashed, lair_entry_dummy, nicolae_ashenzari_panopticon,
          uniq_pikel
D:9:      special_room, st_stairs_14, dk_vineyard_2
D:10:     orc_david_3, minivault_13, uniq_urug
D:11:     serial_column_ruins, column_ruins_temple_circle,
          column_ruins_courtyard_long, column_ruins_columns_straight,
          column_ruins_grid_1, column_ruins_columns_straight,
          column_ruins_grid_3, column_ruins_grid_2, uniq_snorg
Temple:   eino_temple_scatter_basement

Skill      XL: |  1  2  3  4  5  6  7  8  9 10 11 |
---------------+----------------------------------+-----
Conjurations   | 2 3 4 5 6 8 9 |  9.3
Spellcasting   | 3 4 5 6 7 8 |  8.8
Fire Magic     | 4 5 6 7 8 9 |  9.8
Necromancy     | 2 3 |  3.0
Invocations    | 2 4 5 |  5.5
Evocations     | 3 |  3.0
Summonings     | 1 2 |  2.9
Shields        | 1 3 |  3.7
Dodging        | |  1.7
Stealth        | |  1.7

Action                   |  1- 3 |  4- 6 |  7- 9 | 10-12 || total
-------------------------+-------+-------+-------+-------++-------
Melee: Dagger            |    19 |       |    17 |    19 ||    55
       Unarmed           |     5 |       |       |       ||     5
       Spear             |       |    35 |    86 |   100 ||   221
       Tailslap          |       |     1 |     8 |    22 ||    31
       Demon trident     |       |       |       |    70 ||    70
Throw: Stone             |       |     1 |     2 |       ||     3
 Cast: Flame Tongue      |    67 |   113 |    74 |    67 ||   321
       Conjure Flame     |     2 |     4 |     1 |     8 ||    15
       Animate Skeleton  |       |     2 |     1 |    36 ||    39
       Fireball          |       |       |    32 |    70 ||   102
       Sticky Flame      |       |       |    35 |    32 ||    67
       Call Imp          |       |       |       |    13 ||    13
Invok: Divine Energy     |       |       |     1 |       ||     1
  Use: Potion            |     1 |       |       |     1 ||     2
       Scroll            |       |     1 |     1 |       ||     2
 Stab: Sleeping          |       |       |     2 |       ||     2
  Eat: Ration            |     4 |       |     3 |     1 ||     8
       Chunk             |     1 |     1 |    18 |    29 ||    49
Armor: Skin              |    12 |    13 |    71 |   104 ||   200
Dodge: Dodged            |    34 |    23 |   139 |   168 ||   364
Block: Buckler           |       |       |       |    30 ||    30

Table legend:
 A = Spawn XP
 B = Non-spawn XP
 C = Spawn XP percentage of total XP
 D = Spawn monster count
 E = Non-spawn monster count
 F = Spawn count percentage of total count
 G = Total turns spent on level
                    A         B        C        D         E        F      G
               +---------+---------+-------+---------+---------+-------+---------
         Total |       0 |   15542 |   0.0 |       0 |     285 |   0.0 | 15946
               +---------+---------+-------+---------+---------+-------+---------
           D:1 |       0 |      48 |   0.0 |       0 |      23 |   0.0 |  1623
           D:2 |       0 |      66 |   0.0 |       0 |       7 |   0.0 |  1526
           D:3 |       0 |     146 |   0.0 |       0 |      23 |   0.0 |  1109
           D:4 |       0 |     554 |   0.0 |       0 |      21 |   0.0 |  1285
           D:5 |       0 |     625 |   0.0 |       0 |      16 |   0.0 |  1235
           D:6 |       0 |    1457 |   0.0 |       0 |      31 |   0.0 |  1286
           D:7 |       0 |    1939 |   0.0 |       0 |      20 |   0.0 |  2050
           D:8 |       0 |    2243 |   0.0 |       0 |      34 |   0.0 |  1222
           D:9 |       0 |    2139 |   0.0 |       0 |      62 |   0.0 |  1995
          D:10 |       0 |    3969 |   0.0 |       0 |      26 |   0.0 |  1780
          D:11 |       0 |    2356 |   0.0 |       0 |      22 |   0.0 |   633
               +---------+---------+-------+---------+---------+-------+---------

Vault maps used:
D:1:      elethiomel_arrival_infinity_welcomes_careful_drivers, minmay_cupped
D:4:      nicolae_ru_awakened_eye, serial_shops, shop_fountains,
          kennysheep_generic_room_6
D:5:      minitemple, lemuel_temple_firewalk_a, first_ration,
          nemelex_dance_club_becter
D:6:      uniq_grinder, uniq_eustachio, uniq_blork_the_orc
D:7:      grunt_temple_overflow_diamond, the_bakery
D:8:      cheibrodos_quashed, lair_entry_dummy, nicolae_ashenzari_panopticon,
          uniq_pikel
D:9:      special_room, st_stairs_14, dk_vineyard_2
D:10:     orc_david_3, minivault_13, uniq_urug
D:11:     serial_column_ruins, column_ruins_temple_circle,
          column_ruins_courtyard_long, column_ruins_columns_straight,
          column_ruins_grid_1, column_ruins_columns_straight,
          column_ruins_grid_3, column_ruins_grid_2, uniq_snorg
Temple:   eino_temple_scatter_basement

Table legend:
 A = Turns spent in this place as a percentage of turns spent in the entire game.
 B = Non-inter-level travel turns spent in this place as a percentage of non-inter-level travel turns spent in the entire game.
 C = Inter-level travel turns spent in this place as a percentage of turns spent in this place.
 D = Turns resting spent in this place as a percentage of non-inter-level travel turns spent in this place.
 E = Turns spent auto-exploring this place as a percentage of non-inter-level travel turns spent in this place.
 F = Non-inter-level travel turns spent in this place divided by the number of levels of this place that you've seen.
                   A       B       C       D       E      F
               +-------+-------+-------+-------+-------+----------------------
         Total | 100.0 | 100.0 |   3.9 |  44.7 |  36.3 | 1277.1
       Dungeon |  98.7 |  98.9 |   3.8 |  45.3 |  35.6 | 1377.3
        Temple |   1.3 |   1.1 |  13.4 |   0.0 |  96.0 | 175.0
               +-------+-------+-------+-------+-------+----------------------

Table legend:
 A = Kills in this place as a percentage of kills in entire the game.
 B = Kills by you in this place as a percentage of kills by you in the entire game.
 C = Kills by friends in this place as a percentage of kills by friends in the entire game.
 D = Other kills in this place as a percentage of other kills in the entire game.
 E = Experience gained in this place as a percentage of experience gained in the entire game.
 F = Experience gained in this place divided by the number of levels of this place that you have seen.
                   A       B       C       D       E      F
               +-------+-------+-------+-------+-------+----------------------
         Total | 100.0 | 100.0 | 100.0 | 100.0 | 100.0 | 1295.2
       Dungeon | 100.0 | 100.0 | 100.0 | 100.0 | 100.0 | 1412.9
               +-------+-------+-------+-------+-------+----------------------
